 Dungeon Crawl Stone Soup version 0.21.1-1-g345015fe64 (webtiles) character file.

275 Henning the Insei (level 6, -2/47 HPs)
             Began as a Gnoll Transmuter on June 21, 2018.
             Was a Believer of Kikubaaqudgha.
             Slain by a scorpion (8 damage)
             ... on level 4 of the Dungeon.
             The game lasted 00:13:37 (2075 turns).

Henning the Insei (Gnoll Transmuter)                Turns: 2075, Time: 00:13:37

Health: -2/47      AC:  3    Str: 13    XL:     6   Next: 24%
Magic:  13/13      EV: 15    Int: 16    God:    Kikubaaqudgha [**....]
Gold:   148        SH:  0    Dex: 16    Spells: 8/15 levels left

rFire    . . .     SeeInvis .     - Unarmed
rCold    . . .     Gourm    .   (no shield)
rNeg     . . .     Faith    .   b - +1 robe
rPois    +         Spirit   .   (no helmet)
rElec    .         Reflect  .   (no cloak)
rCorr    .         Harm     .   (no gloves)
MR       .....                  (no boots)
Stlth    ++........             (no amulet)
HPRegen  0.15/turn              l - ring of poison resistance
MPRegen  0.13/turn              (no ring)

@: no status effects
A: distributed training, fangs 1, strong nose
a: Receive Corpses, Renounce Religion


You were on level 4 of the Dungeon.
You worshipped Kikubaaqudgha.
Kikubaaqudgha was pleased with you.
You were not hungry.

You visited 1 branch of the dungeon, and saw 4 of its levels.

You collected 148 gold pieces.

Inventory:

Missiles
 a - 37 arrows
Armour
 b - a +1 robe (worn)
 e - a +0 leather armour
Jewellery
 l - a ring of poison resistance (left hand)
Scrolls
 g - a scroll of magic mapping {unknown}
 k - a scroll of amnesia
 m - 2 scrolls of identify {unknown}
 n - a scroll of teleportation
 o - a scroll of enchant weapon
Potions
 f - 2 potions of degeneration {unknown}
 j - 2 potions of magic {unknown}
 p - a potion of curing {unknown}
Books
 c - a book of Changes

   Spells                             Type                      Level
   a - Beastly Appendage              Transmutation                1
   b - Sticks to Snakes               Transmutation                2
   c - Spider Form                    Transmutation/Poison         3
   d - Ice Form                       Ice/Transmutation            4
   e - Blade Hands                    Transmutation                5
 h - Kikubaaqudgha's Disquisition on Unholy Arts
   (Kikubaaqudgha gifted it to you on level 3 of the Dungeon)

   Spells                             Type                      Level
   a - Animate Skeleton               Necromancy                   1
   b - Pain                           Necromancy                   1
   c - Sublimation of Blood           Necromancy                   2
   d - Regeneration                   Charms/Necromancy            3
Comestibles
 d - 8 rations
 i - 4 chunks of flesh


   Skills:
 + Level 3.1 Fighting
 + Level 1.8 Short Blades
 + Level 1.8 Long Blades
 + Level 1.8 Axes
 + Level 1.8 Maces & Flails
 + Level 1.8 Polearms
 + Level 1.8 Staves
 + Level 1.8 Slings
 + Level 1.8 Bows
 + Level 1.8 Crossbows
 + Level 1.8 Throwing
 + Level 1.8 Armour
 + Level 4.9 Dodging
 + Level 1.8 Stealth
 + Level 1.8 Shields
 + Level 6.8 Unarmed Combat
 + Level 5.3 Spellcasting
 + Level 1.4 Conjurations
 + Level 1.4 Hexes
 + Level 1.4 Charms
 + Level 1.4 Summonings
 + Level 1.4 Necromancy
 + Level 1.4 Translocations
 + Level 4.0 Transmutations
 + Level 1.4 Fire Magic
 + Level 1.4 Ice Magic
 + Level 1.4 Air Magic
 + Level 1.4 Earth Magic
 + Level 1.4 Poison Magic
 + Level 2.0 Invocations
 + Level 1.8 Evocations


You had 8 spell levels left.
You knew the following spells:

 Your Spells              Type           Power        Failure   Level  Hunger
a - Beastly Appendage     Tmut           ###...       2%          1    None
b - Sticks to Snakes      Tmut           ###.....     4%          2    #......
c - Spider Form           Tmut/Pois      ##........   14%         3    ###....
d - Animate Skeleton      Necr           N/A          9%          1    None


Dungeon Overview and Level Annotations

Branches:
Dungeon (4/15)
 Temple: D:4-7

Altars:
Hepliaklqana
Kikubaaqudgha
Makhleb
Nemelex Xobeh


Innate Abilities, Weirdness & Mutations

Your experience applies equally to all skills.
You have very sharp teeth.
Your uncanny sense of smell can sniff out nearby items.


Message History

The worker ant closely misses you.
You closely miss the worker ant.
The worker ant is almost dead.
The worker ant closely misses you.
You closely miss the worker ant.
The worker ant is almost dead.
The ogre barely misses you. The orc barely misses you.
The worker ant misses you.
You hit the worker ant but do no damage.
The worker ant is almost dead.
The scorpion barely misses you. The worker ant bites you.
The ogre closely misses you. The orc closely misses you.
The scorpion barely misses you. The orc barely misses you.
The worker ant closely misses you. The ogre hits you with a giant club!
The orc hits you. The scorpion stings you!
* * * LOW HITPOINT WARNING * * *
The scorpion stings you!
You die...
Kikubaaqudgha rasps: "You have failed me!
Welcome... death!"

## .# .# .#### .# .....#####
.# #######........## .%#
#.#......#.##...## ...#
#..<.............#######...#.
###......#......@aoo.........
# #........#....osO..........
# #......#......#.....)......
# #............#########...#.
# #####.......## .# ###
#####.### ..# #.#
#.#########.# #.#.........# ∆


You could see an ogre, a scorpion, a worker ant and 3 orcs.

Vanquished Creatures
  A scorpion (D:3)
  A hound (D:3)
  An orc wizard (D:3)
  A worker ant zombie (D:4)
  5 adders
  An ooze (D:3)
  A worm (D:2)
  3 orcs
  8 bats
  A bat zombie (D:2)
  5 giant cockroaches
  2 goblins
  8 hobgoblins
  3 jackals (D:3)
  4 kobolds
  A quokka (D:3)
  3 frilled lizards
  2 rats
  3 rat zombies (D:2)
54 creatures vanquished.

Vanquished Creatures (collateral kills)
  A water moccasin zombie (D:3)
  A jackal (D:3)
  A kobold (D:3)
3 creatures vanquished.

Grand Total: 57 creatures vanquished

Notes
Turn   | Place    | Note
-------+----------+-------------------------------------------
     0 | D:1      | Henning the Gnoll Transmuter began the quest for the Orb.
     0 | D:1      | Reached XP level 1. HP: 17/17 MP: 6/6
     6 | D:1      | Noticed a black bear
     6 | D:1      | Noticed a wolf
     6 | D:1      | Noticed a black mamba
     6 | D:1      | Noticed a swamp drake
     6 | D:1      | Noticed a redback
   268 | D:1      | Reached XP level 2. HP: 23/23 MP: 7/7
   585 | D:2      | Found a sparkling altar of Nemelex Xobeh.
   692 | D:2      | Found an ancient bone altar of Kikubaaqudgha.
   785 | D:2      | Learned a level 2 spell: Sticks to Snakes
   818 | D:2      | Reached XP level 3. HP: 23/28 MP: 7/9
   829 | D:2      | Reached skill level 5 in Spellcasting
  1104 | D:3      | Reached skill level 1 in Invocations
  1175 | D:3      | Found a faded altar of an unknown god.
  1242 | D:3      | Became a worshipper of Kikubaaqudgha
  1242 | D:3      | Reached * piety under Kikubaaqudgha
  1242 | D:3      | Identified Kikubaaqudgha's Disquisition on Unholy Arts (Kikubaaqudgha gifted it to you on level 3 of the Dungeon)
  1242 | D:3      | Received a gift from Kikubaaqudgha
  1289 | D:3      | Learned a level 3 spell: Spider Form
  1291 | D:3      | Learned a level 1 spell: Animate Skeleton
  1330 | D:3      | Reached skill level 1 in Short Blades
  1330 | D:3      | Reached skill level 1 in Long Blades
  1330 | D:3      | Reached skill level 1 in Axes
  1330 | D:3      | Reached skill level 1 in Maces & Flails
  1330 | D:3      | Reached skill level 1 in Polearms
  1330 | D:3      | Reached skill level 1 in Staves
  1330 | D:3      | Reached skill level 1 in Slings
  1330 | D:3      | Reached skill level 1 in Bows
  1330 | D:3      | Reached skill level 1 in Crossbows
  1330 | D:3      | Reached skill level 1 in Throwing
  1330 | D:3      | Reached skill level 1 in Armour
  1330 | D:3      | Reached skill level 1 in Stealth
  1330 | D:3      | Reached skill level 1 in Shields
  1330 | D:3      | Reached skill level 1 in Evocations
  1363 | D:3      | Found a hazy altar of Hepliaklqana.
  1368 | D:3      | Reached XP level 4. HP: 33/34 MP: 9/11
  1469 | D:3      | Reached skill level 1 in Conjurations
  1469 | D:3      | Reached skill level 1 in Hexes
  1469 | D:3      | Reached skill level 1 in Charms
  1469 | D:3      | Reached skill level 1 in Summonings
  1469 | D:3      | Reached skill level 1 in Necromancy
  1469 | D:3      | Reached skill level 1 in Translocations
  1469 | D:3      | Reached skill level 1 in Fire Magic
  1469 | D:3      | Reached skill level 1 in Ice Magic
  1469 | D:3      | Reached skill level 1 in Air Magic
  1469 | D:3      | Reached skill level 1 in Earth Magic
  1469 | D:3      | Reached skill level 1 in Poison Magic
  1469 | D:3      | Reached XP level 5. HP: 38/40 MP: 12/12
  1591 | D:3      | Reached ** piety under Kikubaaqudgha
  1609 | D:3      | Found a burning altar of Makhleb.
  1849 | D:3      | Noticed Terence
  1957 | D:3      | Reached XP level 6. HP: 37/47 MP: 11/13
  2075 | D:4      | Slain by a scorpion

Skill      XL: |  1  2  3  4  5 |
---------------+----------------+-----
Spellcasting   | 5 |  5.3
Invocations    | 1 2 |  2.0
Short Blades   | 1 |  1.8
Long Blades    | 1 |  1.8
Axes           | 1 |  1.8
Maces & Flails | 1 |  1.8
Polearms       | 1 |  1.8
Staves         | 1 |  1.8
Slings         | 1 |  1.8
Bows           | 1 |  1.8
Crossbows      | 1 |  1.8
Throwing       | 1 |  1.8
Armour         | 1 |  1.8
Stealth        | 1 |  1.8
Shields        | 1 |  1.8
Evocations     | 1 |  1.8
Conjurations   | 1 |  1.4
Hexes          | 1 |  1.4
Charms         | 1 |  1.4
Summonings     | 1 |  1.4
Necromancy     | 1 |  1.4
Translocations | 1 |  1.4
Fire Magic     | 1 |  1.4
Ice Magic      | 1 |  1.4
Air Magic      | 1 |  1.4
Earth Magic    | 1 |  1.4
Poison Magic   | 1 |  1.4
Fighting       | 3 |  3.1
Transmutations | 4 |  4.0
Dodging        | |  4.9
Unarmed Combat | |  6.8

Action                   |  1- 3 |  4- 6 || total
-------------------------+-------+-------++-------
Melee: Unarmed           |    93 |    78 ||   171
       Headbutt          |     7 |    12 ||    19
       Bite              |    10 |     6 ||    16
       Kick              |     7 |     7 ||    14
       Punch             |     2 |     2 ||     4
 Cast: Beastly Appendage |    23 |    11 ||    34
       Animate Skeleton  |       |     7 ||     7
  Use: Scroll            |     5 |       ||     5
 Stab: Sleeping          |       |     1 ||     1
  Eat: Chunk             |     1 |     3 ||     4
Armor: Robe              |    11 |    13 ||    24
Dodge: Dodged            |    83 |    69 ||   152
